AoeStats
← Micropartícula

Arabia

508986345Analyzed
1v1 RM · 8d ago on Sep 25, 2026· 52m 59s· 2 players
Game mode
Random Map
Map size
Tiny (2 player)
Population
200
Speed
Normal
Resources
Standard
Victory
Conquest
Starting age
Dark Age
Ending age
Imperial Age
RankedLock teamsTeams togetherTeam positionsShared explorationLock speedFull tech treeHidden civsTurbo modeCheats
Victory
Defeat
🇵🇪 Ethiopians · Peru
1170
+16
🇨🇱 Mongols · Chile
1168
-16
Micropartícula
3:25 Loom
9:34 Feudal Age
10:14 Double-Bit Axe
14:10 Horse Collar
15:26 Wheelbarrow
18:56 Castle Age
19:20 Forging
19:15 Scale Barding Armor
20:03 Bloodlines
24:40 Town Watch
25:06 Gold Mining
33:35 Chain Barding Armor
38:17 Iron Casting
41:53 Imperial Age
42:59 Conscription
42:03 Cavalier
45:53 Blast Furnace
48:41 Fletching
48:51 Padded Archer Armor
48:48 Elite Skirmisher
49:41 Bodkin Arrow
52:08 Ballistics
El Pulpin
6:06 Loom
9:19 Feudal Age
10:14 Double-Bit Axe
16:54 Fletching
21:04 Castle Age
19:44 Padded Archer Armor
20:58 Gold Mining
20:50 Horse Collar
21:05 Crossbowman
21:43 Bodkin Arrow
22:42 Leather Archer Armor
24:51 Bow Saw
31:49 Wheelbarrow
35:30 Hand Cart
37:50 Imperial Age
36:42 Stone Mining
38:04 Gold Shaft Mining
39:55 Bracer
39:18 Arbalester
40:04 Thumb Ring
40:28 Ballistics
43:58 Ring Archer Armor
47:30 Chemistry
51:00 Forging
50:55 Scale Barding Armor
52:32 Heavy Plow
52:20 Light Cavalry
53:01 Husbandry
Connection lost

Rejoining the realm…

Still unreachable

The connection could not be restored.

Session expired

The server has moved on; the page needs a fresh start.